 Dungeon Crawl Stone Soup version 0.20.0-15-g7f486f2 (webtiles) character file.

1270 NoAnimeNoLife the Basher (level 8, -7/50 HPs)
             Began as a Gargoyle Fighter on June 18, 2017.
             Splashed by Ijyb's acid (15 damage)
             ... on level 5 of the Dungeon.
             The game lasted 00:05:18 (2907 turns).

NoAnimeNoLife the Basher (Gargoyle Fighter)         Turns: 2907, Time: 00:05:18

Health: -7/50      AC:  9    Str: 28    XL:     8   Next: 53%
Magic:  8/8        EV:  7    Int:  8    God:
Gold:   260        SH: 10    Dex: 11    Spells: 7/7 levels left

rFire    . . .     SeeInvis .   u - +2 mace (crush)
rCold    . . .     Gourm    .   c - +0 shield
rNeg     + . .     Faith    .   b - +0 scale mail
rPois    ∞         Spirit   .   (no helmet)
rElec    +         Reflect  .   (no cloak)
rCorr    .         Harm     +   (no gloves)
MR       .....                  (no boots)
Stlth    +.........             y - amulet of harm
Regen    0.2/turn               g - +5 ring of slaying
MPRegen  0.2/turn               x - +5 ring of strength

@: no status effects
A: camouflage 1, deformed body, negative energy resistance 1, robust 1,
electricity resistance, strong 1, unbreathing, petrification resistance, rot
immunity, AC +5
a: no special abilities


You were on level 5 of the Dungeon.
You were hungry.

You visited 1 branch of the dungeon, and saw 5 of its levels.

You collected 260 gold pieces.

Inventory:

Hand Weapons
 a - a +0 flail
 u - a +2 mace of crushing (weapon)
Armour
 b - a +0 scale mail (worn)
 c - a +0 shield (worn)
Jewellery
 g - a +5 ring of slaying (left hand)
 m - an uncursed ring of flight
 x - a +5 ring of strength (right hand)
 y - an amulet of harm (around neck)
 z - a +2 ring of intelligence
Wands
 k - a wand of lightning (4/15)
Scrolls
 h - 3 scrolls of fog {unknown}
 j - a scroll of identify
 l - a scroll of magic mapping {unknown}
 o - a scroll of amnesia {unknown}
 p - a scroll of fear {unknown}
 q - a scroll of blinking {unknown}
 r - a scroll of enchant armour {unknown}
 v - 4 scrolls of remove curse {unknown}
Potions
 d - a potion of might
 e - 2 potions of brilliance
 i - 4 potions of curing
 w - 2 potions of haste
 A - 2 potions of heal wounds
Comestibles
 f - 4 bread rations
 n - 3 royal jellies
 t - a meat ration


   Skills:
 - Level 3.2 Fighting
 + Level 10.1 Maces & Flails
 - Level 3.5 Armour
 - Level 3.4 Shields


You had 7 spell levels left.
You didn't know any spells.

Dungeon Overview and Level Annotations

Branches:
Dungeon (5/15)
 Temple: D:4-7

Altars:
Makhleb

Shops:
D:4 *

Annotations:
D:5 Ijyb


Innate Abilities, Weirdness & Mutations

You are resistant to torment.
Your stone body is resilient. (AC +5)
You are immune to poison.
You resist negative energy. (rN+)
You are resistant to electric shocks. (rElec)
You can survive without breathing.
You are immune to petrification.
You are immune to rotting.
Your skin changes colour to match your surroundings (Stealth+).
Armour fits poorly on your strangely shaped body.
You are robust. (+10% HP)
Your muscles are strong. (Str +2)


Message History

You are too injured to fight recklessly!
You are too injured to fight recklessly!
You are too injured to fight recklessly!
You are too injured to fight recklessly!
You are too injured to fight recklessly!
You are too injured to fight recklessly!
You are too injured to fight recklessly!
You are too injured to fight recklessly!
You are too injured to fight recklessly!
You are too injured to fight recklessly!
You are too injured to fight recklessly!
Unknown command.
Your shield prevents you from hitting Ijyb.
Ijyb hits you but does no damage.
You hit Ijyb.
Ijyb is moderately wounded.
Ijyb zaps a wand.
The bolt of acid hits you!
* * * LOW HITPOINT WARNING * * *
You are splashed with acid!
The acid burns!
You die...

###.((....### .......
#.((....# # .......
#..(....### ...>...
#...)...... .......
#.......... .......#####
#.......... ...........#
#####...... ...........#
#...... .....ag@..<#####
#......
......?........###......
.......#.........'......
.......#.......###......
.......######### ##.....
.>.....##### ####.#
.<.........# ####...
######.....# #.####.
#.....# #####.####.


You could see Ijyb and a worker ant.

Vanquished Creatures
  The ghost of Gargoyl the Skirmisher, an amateur DrAK of Lugonu (D:4)
  A sky beast (D:5)
  2 ogres (D:4)
  2 phantoms
  A centaur (D:5)
  A scorpion (D:4)
  2 crimson imps (D:5)
  3 hounds
  Crazy Yiuf (D:2)
  Natasha (thrice) (D:3)
  An iguana (D:3)
  3 worker ants
  A hound skeleton (D:5)
  4 gnolls (D:3)
  3 adders
  2 worms
  4 dart slugs
  2 leopard geckos
  7 orcs
  4 bats
  4 giant cockroaches
  9 goblins
  2 hobgoblins
  4 kobolds
  2 quokkas
  A ball python (D:1)
  11 rats
81 creatures vanquished.

Notes
Turn   | Place    | Note
-------+----------+-------------------------------------------
     0 | D:1      | NoAnimeNoLife the Gargoyle Fighter began the quest for the Orb.
     0 | D:1      | Reached XP level 1. HP: 14/14 MP: 1/1
    99 | D:1      | Reached XP level 2. HP: 18/19 MP: 2/2
   657 | D:2      | Reached skill level 3 in Maces & Flails
   735 | D:2      | Reached XP level 3. HP: 18/23 MP: 3/3
  1047 | D:2      | Found a burning altar of Makhleb.
  1066 | D:2      | Reached skill level 4 in Maces & Flails
  1066 | D:2      | Reached XP level 4. HP: 20/28 MP: 4/4
  1213 | D:2      | Found a runed door.
  1217 | D:2      | Noticed Crazy Yiuf
  1223 | D:2      | Killed Crazy Yiuf
  1295 | D:3      | Reached XP level 5. HP: 20/32 MP: 5/5
  1302 | D:3      | Reached skill level 5 in Maces & Flails
  1528 | D:3      | Noticed Natasha
  1535 | D:3      | Killed Natasha
  1563 | D:3      | Noticed Natasha
  1575 | D:3      | Killed Natasha
  1575 | D:3      | Reached XP level 6. HP: 23/37 MP: 6/6
  1581 | D:3      | Reached skill level 6 in Maces & Flails
  1604 | D:3      | Noticed Natasha
  1608 | D:3      | Killed Natasha
  1879 | D:4      | Noticed a phantom
  1909 | D:4      | Killed a phantom
  1945 | D:4      | Found Oteprar's Assorted Antiques.
  1950 | D:4      | Noticed Gargoyl's ghost (amateur DrAK)
  1965 | D:4      | Killed Gargoyl's ghost
  1965 | D:4      | Reached skill level 7 in Maces & Flails
  1965 | D:4      | Reached XP level 7. HP: 14/41 MP: 7/7
  2252 | D:4      | Reached skill level 8 in Maces & Flails
  2477 | D:4      | Reached XP level 8. HP: 46/46 MP: 8/8
  2611 | D:5      | Entered Level 5 of the Dungeon
  2620 | D:5      | Reached skill level 9 in Maces & Flails
  2646 | D:5      | Gained mutation: You are robust. (+10% HP) [potion of mutation]
  2646 | D:5      | Gained mutation: Your skin changes colour to match your surroundings (Stealth+). [potion of mutation]
  2646 | D:5      | Gained mutation: Armour fits poorly on your strangely shaped body. [potion of mutation]
  2646 | D:5      | Gained mutation: Your muscles are strong. (Str +2) [potion of mutation]
  2816 | D:5      | Reached skill level 10 in Maces & Flails
  2901 | D:5      | Noticed Ijyb
  2907 | D:5      | Splashed by Ijyb's acid

Skill      XL: |  1  2  3  4  5  6  7  8 |
---------------+-------------------------+-----
Maces & Flails | 3 4 5 7 8 10 | 10.1
Fighting       | |  3.2
Armour         | |  3.5
Shields        | |  3.4

Action                   |  1- 3 |  4- 6 |  7- 9 || total
-------------------------+-------+-------+-------++-------
Melee: Flail             |    92 |     2 |       ||    94
       Mace              |       |   104 |    56 ||   160
  Use: Scroll            |       |       |     7 ||     7
       Potion            |       |       |     1 ||     1
  Eat: Chunk             |       |     3 |     3 ||     6
Armor: Scale mail        |    54 |    75 |    20 ||   149
Dodge: Dodged            |    33 |    30 |    12 ||    75
Block: Shield            |    59 |    54 |    22 ||   135
